 Dungeon Sprint DCSS version 0.27-a0-1006-g1fd4cec11e (webtiles) character file.

Game seed: 15583113422753304328

4 mhtbhm the Firebug (level 1, -5/10 HPs)
             Began as a Deep Elf Fire Elementalist on Apr 17, 2021.
             Was an Initiate of Vehumet.
             Killed from afar by a red draconian (15 damage)
             ... with a searing blast
             ... in the Dungeon (Sprint V: "Ziggurat Sprint").
             The game lasted 00:01:07 (147 turns).

mhtbhm the Firebug (Deep Elf Fire Elementalist)      Turns: 147, Time: 00:01:07

Health: -5/10      AC:  5    Str:  5    XL:     1   Next: 50%
Magic:  6/6        EV: 13    Int: 31    God:    Vehumet [......]
Gold:   0          SH:  0    Dex: 15    Spells: 5/6 levels left

rFire    + . .     SeeInvis .   a - +8 lance "Wyrmbane" {slay drac, rPois rF+ rC+ AC+3}
rCold    + . .     Faith    .   (no shield)
rNeg     . . .     Spirit   .   r - +0 robe
rPois    +         Reflect  .   (no helmet)
rElec    .         Harm     .   (no cloak)
rCorr    .         Rampage  .   (no gloves)
Will     .....     NoTele   +   (no boots)
Stlth    ++........             (no amulet)
HPRegen  0.03/turn              u - +6 ring of intelligence
MPRegen  0.10/turn              v - +6 ring of intelligence

@: no status effects
A: no striking features
a: Renounce Religion


You were in the Dungeon.
You worshipped Vehumet.
Vehumet was noncommittal.
You visited 1 branch

Inventory:

Hand Weapons
 a - the +8 lance "Wyrmbane" (weapon) {slay drac, rPois rF+ rC+ AC+3}
   (You found it in the Dungeon)

   It affects your AC (+3).
   It protects you from fire.
   It protects you from cold.
   It protects you from poison.
Armour
 r - a +0 robe (worn)
Jewellery
 u - a +6 ring of intelligence (left hand)
 v - a +6 ring of intelligence (right hand)
Wands
 y - a wand of mindburst (7)
 z - a wand of iceblast (2)
 A - a wand of acid (7)
Scrolls
 h - 3 scrolls of blinking
 m - 4 scrolls of amnesia
 n - 7 scrolls of fog
 o - a scroll of holy word
 p - 5 scrolls of identify
 q - 2 scrolls of fear
Potions
 b - 2 potions of brilliance
 c - 10 potions of curing
 d - 10 potions of heal wounds
 e - 6 potions of haste
 f - 7 potions of magic
 g - 3 potions of berserk rage
 i - 2 potions of invisibility
 j - 4 potions of resistance
 k - a potion of experience
 l - 5 potions of might


   Skills:
 + Level 2.7 Dodging
 + Level 3.3 Stealth
 + Level 3.3 Spellcasting
 + Level 1.1 Conjurations
 + Level 4.0 Fire Magic


You had 5 spell levels left.
You knew the following spells:

 Your Spells              Type           Power      Damage    Failure   Level
a - Foxfire               Conj/Fire      84%        2x1d8     2%          1

Your spell library contained the following spells:

 Spells                   Type           Power      Damage    Failure   Level
 Conjure Flame            Conj/Fire      21%        6-21      7%          3
 Inner Flame              Hex/Fire       17%        N/A       9%          3
 Sticky Flame             Conj/Fire      21%        2d4       22%         4
 Fireball                 Conj/Fire      10%        3d6       52%         5


Dungeon Overview and Level Annotations

Branches:
Dungeon (1/1)

Altars:
Ashenzari
Cheibriados
Dithmenos
Elyvilon
Fedhas
Gozag
Hepliaklqana
Kikubaaqudgha
Makhleb
Nemelex Xobeh
Okawaru
Qazlal
Ru
Sif Muna
Trog
Uskayaw
Vehumet
Wu Jian
Xom
Yredelemnul
Zin
The Shining One
Beogh
Jiyva
Lugonu

Annotations:
D 1 transporter


Message History

Unknown command.
Aiming: Iceblast
Press: ? - help, Shift-Dir - straight line, f/p - draconian
Aim: a draconian, wielding a +0 club (moderately wounded)
The mass of ice explodes!
The iceblast engulfs the draconian!
The draconian is heavily wounded.
The iceblast engulfs the draconian.
The draconian is moderately wounded.
The iceblast engulfs the red draconian.
The red draconian is lightly wounded.
Unknown command.
Unknown command.
Unknown command.
Aiming: Iceblast
Press: ? - help, Shift-Dir - straight line, f/p - draconian
Aim: a draconian, wielding a +0 club (heavily wounded)
The mass of ice explodes!
The iceblast engulfs the draconian.
The draconian is severely wounded.
The iceblast engulfs the draconian but does no damage.
The draconian is moderately wounded.
The iceblast engulfs the red draconian.
The red draconian is moderately wounded.
Unknown command.
Unknown command.
Unknown command.
Blink to where?
Press: ? - help, Dir - move target, p - draconian
As you read the scroll of blinking, it crumbles to dust.
Unknown command.
Aiming: Iceblast
Press: ? - help, Shift-Dir - straight line, f - draconian
Aim: a draconian, wielding a +0 club (severely wounded)
The mass of ice explodes!
The iceblast engulfs the draconian.
The draconian is severely wounded.
The iceblast engulfs the draconian!
The draconian is heavily wounded.
The red draconian breathes fire at you. The searing blast hits you! You resist.
Ouch! That really hurt!
You die...

▓▓▓▓▓▓▓▓▓▓▓▓▓
▓.8©8@▓.8©8.▓
▓.)[).▓.....▓
▓.....▓.).=.▓
▓.....▓.....▓
▓.dd.d▓.)...▓
▓.....▓.)©..▓
▓..©..▓▓▓▓▓▓▓
▓▓▓▓▓▓▓


You could see a red draconian (catching breath) and 2 draconians.

Vanquished Creatures
  2 orcs (D)
2 creatures vanquished.

Vanquished Creatures (others)
  9 foxfires (D)
9 creatures vanquished.

Grand Total: 11 creatures vanquished

Notes
Turn   | Place    | Note
-------+----------+-------------------------------------------
     0 | D        | mhtbhm the Deep Elf Fire Elementalist began the quest for
                  | the Orb.
     0 | D        | Reached XP level 1. HP: 10/10 MP: 6/6
     0 | D        | Found a shimmering blue altar of Sif Muna.
     0 | D        | Found a bloodstained altar of Trog.
     0 | D        | Found a sacrificial altar of Ru.
     0 | D        | Found a stormy altar of Qazlal.
     0 | D        | Found an iron altar of Okawaru.
     1 | D        | Found a sparkling altar of Nemelex Xobeh.
     1 | D        | Found a blossoming altar of Fedhas.
     2 | D        | Found the +6 Majin-Bo {vamp, MP+6 Int+6}
     2 | D        | Found the +9 heavy crossbow "Sniper" {vorpal, Acc+∞ SInv}
     2 | D        | Found the +10 dark maul {vorpal}
     2 | D        | Found the +15 Maxwell's patent armour {-Cast -Tele rElec
                  | Will+ rCorr}
     2 | D        | Found the +18 shield of the Gong {rElec rN+ Will+ EV-5}
     2 | D        | Found the +14 obsidian axe {vorpal, Drain Fly SInv}
     2 | D        | Found the +7 great mace "Firestarter" {inner flame, rF++}
     2 | D        | Found the +6 shillelagh "Devastator" {shatter}
     2 | D        | Found the +11 plutonium sword {Contam Stlth-}
     2 | D        | Found the +8 lance "Wyrmbane" {slay drac, rPois rF+ rC+
                  | AC+3}
     2 | D        | Found the +9 sword of Zonguldrok {reap}
     2 | D        | Found the +13 scythe of Curses {drain, Drain}
     2 | D        | Found the +5 sword of Power {vorpal}
     2 | D        | Found the +7 mace of Variability {chain chaos}
     2 | D        | Found the +7 Singing Sword {vorpal, sonic wave}
     2 | D        | Found the +8 storm bow {elec, penet}
     4 | D        | Found an ancient bone altar of Kikubaaqudgha.
     4 | D        | Found a transporter.
     4 | D        | Found a corrupted altar of Lugonu.
     4 | D        | Found a viscous altar of Jiyva.
     4 | D        | Found a burning altar of Makhleb.
     4 | D        | Found a hazy altar of Hepliaklqana.
     4 | D        | Found an opulent altar of Gozag.
    35 | D        | Became a worshipper of Vehumet
    68 | D        | Entered arena 2.
    68 | D        | Found a transporter.
    78 | D        | Reached skill level 4 in Fire Magic
   141 | D        | Entered arena 3.
   141 | D        | Noticed a draconian
   141 | D        | Noticed a draconian
   141 | D        | Noticed a red draconian
   141 | D        | Found a transporter.
   147 | D        | Killed from afar by a red draconian

Illustrated notes

Levels and vault maps discovered:
D:        sprint_v [room_start, room_1, room_2, room_3, room_4, room_5, room_6,
          room_7, room_8, room_9, room_10, room_11, room_12, room_13, room_14,
          room_15, room_16, room_17, room_18, room_19, room_20, room_21,
          room_22, room_23, room_24, room_25, room_26, room_27]

Skill      XL: |  1 |
---------------+----+-----
Stealth        | 3 |  3.3
Fire Magic     | 4 |  4.0
Dodging        | |  2.7
Spellcasting   | |  3.3
Conjurations   | |  1.1

Action                   || total
-------------------------++-------
Melee: Lance             ||     1
 Cast: Foxfire           ||     5
Evoke: Wand              ||     5
  Use: Scroll            ||     1
Dodge: Dodged            ||     5

Table legend: (Time is in decaauts)
 A = Elapsed time spent in this place.
 B = Non-inter-level travel time spent in this place.
 C = Inter-level travel time spent in this place.
 D = Time resting spent in this place.
 E = Time spent auto-exploring this place.
 F = Levels seen in this place.
 G = Mean time per level.
                   A        B        C        D        E       F      G
               +--------+--------+--------+--------+--------+-----+--------+
         Total |    145 |    145 |      0 |     49 |      0 |   1 |  145.0 |
       Dungeon |    145 |    145 |      0 |     49 |      0 |   1 |  145.0 |
               +--------+--------+--------+--------+--------+-----+--------+

Top non-repeatable levels by time:
       D: 145 daAuts
